 Dungeon Crawl Stone Soup version bcrawl-1.28.1b (webtiles) character file.

Game seed: 11267769078461055071

437720 LostNumber the Fighter (level 12, -17/108 HPs)
             Began as a Hill Orc Archaeologist on Dec 5, 2020.
             Was a Believer of Qazlal.
             Killed from afar by a blink frog (29 damage)
             ... with an exploding inner flame
             ... on level 4 of the Lair of Beasts.
             The game lasted 00:18:50 (11750 turns).

LostNumber the Fighter (Hill Orc Archaeologist)    Turns: 11750, Time: 00:18:51

Health: -17/108    AC: 18    Str: 19    XL:     12   Next: 68%
Magic:  28/28      EV: 10    Int: 14    God:    Qazlal [**....]
Gold:   872        SH: 15    Dex:  7    Spells: 11/11 levels left

rFire    . . .     SeeInvis .   u - +1 dagger (elec)
rCold    . . .     Gourm    .   N - +2 buckler
rNeg     . . .     Faith    .   F - +2 scale mail {rPois}
rPois    +         Spirit   .   c - +1 hat
rElec    .         Reflect  +   y - +2 cloak {+Inv}
rCorr    .         Harm     .   R - +0 pair of gloves (curse)
MR       .....                  d - +1 pair of boots
Stlth    ..........             s - +4 amulet of reflection
HPRegen  0.28/turn              q - ring of magical power
MPRegen  0.21/turn              o - ring of poison resistance

@: no status effects
A: horns 1, clumsy 1
a: Upheaval, Renounce Religion, Evoke Invisibility


You were on level 4 of the Lair of Beasts.
You worshipped Qazlal.
Qazlal was pleased with you.
You were not hungry.

You visited 3 branches of the dungeon, and saw 13 of its levels.

You collected 872 gold pieces.

Inventory:

Hand Weapons
 a - a +0 whip
 r - a -3 trident
   (You found it on level 2 of the Dungeon)
 t - a +2 dagger of distortion {!w}
   (You found it on level 2 of the Dungeon)
 u - a +1 dagger of electrocution (weapon)
   (You took it off Ijyb on level 4 of the Dungeon)
 H - a cursed -3 dagger
   (You found it on level 3 of the Dungeon)
Armour
 c - a +1 hat (worn)
 d - a +1 pair of boots (worn)
 y - a +2 cloak of invisibility (worn)
   (You found it on level 3 of the Dungeon)
 A - a +0 chain mail
   (You took it off an orc on level 3 of the Dungeon)
 F - a +2 scale mail of poison resistance (worn)
   (You took it off Edmund on level 4 of the Dungeon)
 N - a +2 buckler (worn)
   (You found it on level 1 of the Lair of Beasts)
 R - a cursed +0 pair of gloves (worn)
   (You found it on level 2 of the Lair of Beasts)
Jewellery
 o - a ring of poison resistance (right hand)
   (You found it on level 4 of the Lair of Beasts)
 q - a ring of magical power (left hand)
   (You found it on level 3 of the Dungeon)
 s - a +4 amulet of reflection (around neck)
   (You found it on level 2 of the Dungeon)
 D - an uncursed amulet of regeneration {unknown}
   (You found it on level 4 of the Dungeon)
 O - a cursed ring of fire
   (You found it on level 2 of the Lair of Beasts)
Wands
 f - a wand of clouds (11)
   (You acquired it on level 3 of the Dungeon)
 v - a wand of digging (4)
   (You found it on level 6 of the Dungeon)
 x - a wand of acid (10)
   (You found it on level 5 of the Dungeon)
 B - a wand of polymorph (10)
   (You took it off Ijyb on level 4 of the Dungeon)
Scrolls
 b - a scroll of enchant armour {unknown}
 g - 3 scrolls of magic mapping
 l - 6 scrolls of remove curse {@r2}
 p - 6 scrolls of teleportation {@r4}
 C - a scroll of noise {unknown}
 E - a scroll of enchant weapon
 I - 3 scrolls of fear {unknown}
 J - a scroll of immolation {unknown}
 L - 2 scrolls of fog {unknown}
 M - 2 scrolls of blinking {unknown}
Potions
 h - a potion of invisibility {unknown}
 i - 2 potions of resistance
 j - a potion of heal wounds {unknown}
 k - a potion of mutation {!q}
 m - 2 potions of haste {@q3}
 n - 3 potions of degeneration {!q}
 w - a potion of curing {unknown}
 z - a potion of brilliance {unknown}
 G - a potion of lignification {unknown}
 K - a potion of ambrosia
 P - a potion of flight
Comestibles
 e - 24 rations {!d!d}
 Q - 6 chunks of flesh


   Skills:
 * Level 10.8 Fighting
   Level 10.8 Short Blades
   Level 10.8 Long Blades
   Level 10.8 Axes
   Level 10.8 Maces & Flails
   Level 10.8 Polearms
   Level 10.8 Staves
 + Level 9.7 Armour
 + Level 4.7 Dodging
 - Level 2.6 Stealth
 - Level 7.0 Shields
   Level 10.8 Unarmed Combat
 + Level 10.5 Invocations
 + Level 7.4 Evocations


You had 11 spell levels left.
You didn't know any spells.
Your spell library contained the following spells:

 Spells                   Type           Power        Failure   Level  Hunger
 Throw Frost              Conj/Ice       #.....       56%         2    ####...
 Corona                   Hex            #......      77%         1    None
 Freeze                   Ice            #.....       77%         1    None
 Summon Small Mammal      Summ           #...         77%         1    None
 Call Imp                 Summ           #.....       88%         2    ####...
 Ensorcelled Hibernation  Hex/Ice        #.....       88%         2    ####...
 Shackle                  Hex            #.......     88%         2    ####...
 Call Canine Familiar     Summ           #.......     98%         3    #####..
 False Image              Hex/Summ       #.......     98%         3    #####..
 Inner Flame              Hex/Fire       N/A          98%         3    #####..
 Ozocubu's Armour         Chrm/Ice       #.......     98%         3    #####..
 Cause Fear               Hex            #.........   100%        4    ######.
 Ice Form                 Ice/Tmut       #.......     100%        4    ######.
 Summon Ice Beast         Ice/Summ       #.......     100%        4    ######.
 Throw Icicle             Conj/Ice       #.......     100%        4    ######.
 Yara's Violent Unravell  Hex/Tmut       #.........   100%        4    ######.
 Summon Lightning Spire   Summ/Air       #.......     100%        5    #######
 Borgnjor's Vile Clutch   Necr/Erth      #.........   100%        6    #######
 Darkness                 Hex            #.........   100%        6    #######
 Infestation              Hex/Tmut/Pois  #........    100%        6    #######
 Shadow Creatures         Summ           N/A          100%        6    #######
 Time Stop                Chrm/Tloc      N/A          100%        8    #######


Dungeon Overview and Level Annotations

Branches:
Dungeon (8/12)             Temple (1/1) D:4            Lair (4/6) D:8
  Swamp (0/3) Lair:4       Spider (0/3) Lair:3
    Orc: D:8-11

Altars:
Ashenzari
Elyvilon
Fedhas
Kikubaaqudgha
Lugonu
Okawaru
Qazlal
Ru
Sif Muna
Trog
Uskayaw
Vehumet
Zin

Shops:
D:7 }   D:8 ?=*?=

Annotations:
D:2 exclusion: oklob plant
Lair:3 3 runed translucent doors, Ixoagrun's ghost, journeyman MiFi


Innate Abilities, Weirdness & Mutations

You have a pair of small horns on your head.
You are clumsy. (Dex -2)


Message History

You block the vampire mosquito's attack.
You block the blink frog's attack.
The blink frog blinks!
You block the vampire mosquito's attack.
You hit the vampire mosquito but do no damage.
The blink frog hits something.
The blink frog closely misses you.
You puncture the vampire mosquito!
The vampire mosquito explodes!
The fiery explosion engulfs the blink frog!! x2
The fiery explosion engulfs you!!
* * * LOW HITPOINT WARNING * * *
Qazlal accepts your kill.
The blink frog blinks!
You miss the blink frog.
The blink frog is engulfed in blazing flames.
The blink frog dies!
The blink frog is engulfed in blazing flames.
The blink frog explodes!
Unknown command.
It was a potion of mutation.
You feel extremely strange.
You feel clumsy. A pair of horns grows on your head!
Unknown command.
Unknown command.
The blink frog blinks!
You see here a blink frog corpse.
You see here a chunk of flesh.
You feel less exhausted. The blink frog barely misses you.
You hit the blink frog. You miss the blink frog.
Your headbutt misses the blink frog. You block the blink frog's attack.
You hit the blink frog. You headbutt the blink frog.
You block the blink frog's attack.
You hit the blink frog but do no damage.
The blink frog hits you.
* * * LOW HITPOINT WARNING * * *
You puncture the blink frog!
Lightning courses through the blink frog!
You kill the blink frog!
Qazlal accepts your kill.
The blink frog blinks!
The blink frog blinks!
You start resting.
Eating one of 7 chunks of flesh.
You eat one of the 7 chunks of flesh.
The blink frog is too close now for your liking.
You closely miss the blink frog. You hit the blink frog.
Lightning courses through the blink frog!
The blink frog explodes!
The fiery explosion engulfs you!!
You die...

....♣ §≈≈§≈≈≈♣.........÷........
.....♣ ♣♣†.........÷........
......♣♣ ♣♣..............<..[..
.......♣♣♣♣♣.....................
....°○☼...........(....>.........
....○☼°°°........................
.....†○.†%....§§§................
.P..##.#####P.#§§#.#######.#.#.##
#### ### #####@### ######## ###


There were no monsters in sight!

Vanquished Creatures
  3 hydras (Lair:3)
  Psyche (D:8)
  A two-headed ogre (D:8)
  A centaur warrior (D:7)
  A centaur zombie (D:8)
  3 elephants (Lair:4)
  2 black mambas
  5 cane toads
  A rime drake (Lair:4)
  3 komodo dragons (Lair:2)
  Grinder (D:5)
  3 blink frogs (Lair:4)
  3 hippogriffs
  A redback (Lair:3)
  A yak (D:5)
  4 vampire mosquitoes (Lair:4)
  Grum (Lair:1)
  7 basilisks
  Edmund (D:4)
  An acid dragon (Lair:2)
  4 water moccasins
  6 crocodiles
  5 porcupines
  An orc warrior (D:7)
  An ice beast (D:8)
  3 black bears
  2 sky beasts (D:5)
  3 ogres
  A phantom (D:5)
  9 wolves
  A centaur (D:7)
  15 bullfrogs
  A water moccasin skeleton (D:6)
  2 scorpions
  2 howler monkeys
  3 electric eels (D:8)
  3 crimson imps
  4 jellies
  A quasit (D:8)
  An orc priest (D:8)
  3 hounds
  Ijyb (D:4)
  6 iguanas
  2 orc wizards
  6 worker ants
  A killer bee zombie (D:5)
  A hound zombie (D:3)
  A hound skeleton (D:5)
  12 adders
  4 gnolls (D:8)
  A howler monkey skeleton (D:4)
  2 shadow imps
  2 oozes
  2 adder skeletons
  4 worms
  A dart slug (D:1)
  5 leopard geckos
  23 orcs
  A ball python (D:2)
  6 bats
  3 giant cockroaches
  5 goblins
  9 hobgoblins
  8 jackals
  6 kobolds
  6 quokkas
  4 frilled lizards
  A jackal zombie (D:6)
  7 rats
245 creatures vanquished.

Vanquished Creatures (collateral kills)
  Rupert (Lair:4)
  An elephant (Lair:4)
2 creatures vanquished.

Vanquished Creatures (others)
  2 elephants (Lair:4)
  4 blink frogs (Lair:4)
  A bullfrog (Lair:4)
  A hound skeleton (D:3)
  3 plants (Lair:4)
11 creatures vanquished.

Grand Total: 258 creatures vanquished

Notes
Turn   | Place    | Note
-------+----------+-------------------------------------------
     0 | D:1      | LostNumber the Hill Orc Archaeologist began the quest for
                  | the Orb.
     0 | D:1      | Reached XP level 1. HP: 16/16 MP: 1/1
   181 | D:1      | Reached XP level 2. HP: 21/24 MP: 2/2
   406 | D:1      | Reached skill level 1 in Armour
   817 | D:1      | Reached XP level 3. HP: 27/30 MP: 3/3
  2243 | D:2      | Reached XP level 4. HP: 38/38 MP: 4/4
  2317 | D:2      | Found a blossoming altar of Fedhas.
  2352 | D:2      | Noticed an oklob plant
  2844 | D:3      | Found an ancient bone altar of Kikubaaqudgha.
  3187 | D:3      | Reached XP level 5. HP: 27/45 MP: 5/5
  3187 | D:3      | Identified a scroll of acquirement
  3193 | D:3      | Identified the amulet of Qieluho {RegenMP Int+2} (You
                  | acquired it on level 3 of the Dungeon)
  3285 | D:3      | Found a radiant altar of Vehumet.
  3431 | D:3      | Reached skill level 1 in Shields
  3660 | D:3      | Found a shattered altar of Ashenzari.
  3661 | D:3      | Found a hide-covered altar of Uskayaw.
  3929 | D:4      | Noticed an ogre
  3943 | D:4      | Killed an ogre
  3944 | D:4      | Reached XP level 6. HP: 52/52 MP: 6/6
  4062 | D:4      | Noticed Ijyb
  4075 | D:4      | Killed Ijyb
  4087 | D:4      | Found a staircase to the Ecumenical Temple.
  4095 | Temple   | Entered the Ecumenical Temple
  4103 | Temple   | Became a worshipper of Qazlal Stormbringer
  4214 | D:4      | Reached XP level 7. HP: 58/60 MP: 7/7
  4404 | D:4      | Reached skill level 1 in Invocations
  4445 | D:4      | Noticed Edmund
  4658 | D:4      | Killed Edmund
  4659 | D:4      | Reached skill level 5 in Fighting
  4684 | D:5      | Entered Level 5 of the Dungeon
  4741 | D:5      | Noticed a yak
  4753 | D:5      | Killed a yak
  4754 | D:5      | Reached XP level 8. HP: 58/69 MP: 10/10
  4954 | D:5      | Reached skill level 5 in Armour
  4957 | D:5      | Noticed Grinder
  4974 | D:5      | Killed Grinder
  5020 | D:5      | Reached * piety under Qazlal
  5155 | D:5      | Reached skill level 1 in Evocations
  5168 | D:5      | Found a corrupted altar of Lugonu.
  5330 | D:5      | Reached XP level 9. HP: 78/78 MP: 12/12
  5417 | D:6      | Reached skill level 5 in Shields
  5478 | D:6      | Reached skill level 5 in Invocations
  5647 | D:6      | Reached ** piety under Qazlal
  6664 | D:7      | Noticed a centaur warrior
  6683 | D:7      | Killed a centaur warrior
  6684 | D:7      | Reached XP level 10. HP: 72/86 MP: 14/14
  6833 | D:7      | Found Yromm's Gadget Shoppe.
  6888 | D:8      | Found Vurritta's Jewellery Shoppe.
  6946 | D:8      | Noticed Psyche
  6959 | D:8      | Killed Psyche
  7090 | D:8      | Noticed a two-headed ogre
  7093 | D:8      | Found a bloodstained altar of Trog.
  7104 | D:8      | Killed a two-headed ogre
  7498 | D:8      | Found Enad's Assorted Antiques.
  7602 | D:8      | Found Nyptosel's Jewellery Emporium.
  7610 | D:8      | Found Xontaefi's Magic Scroll Emporium.
  7659 | D:8      | Found Ozirroaje's Magic Scroll Shop.
  7667 | D:8      | Found a staircase to the Lair.
  7736 | D:8      | Found a shimmering blue altar of Sif Muna.
  8032 | Lair:1   | Entered Level 1 of the Lair of Beasts
  8035 | Lair:1   | Noticed a cane toad
  8053 | Lair:1   | Killed a cane toad
  8054 | Lair:1   | Reached skill level 5 in Evocations
  8083 | D:8      | Reached XP level 11. HP: 20/95 MP: 17/17
  8583 | Lair:1   | Noticed Grum
  8628 | Lair:1   | Killed Grum
  9367 | Lair:2   | Reached *** piety under Qazlal
 10246 | Lair:3   | Noticed an eight-headed hydra
 10265 | Lair:3   | Killed an eight-headed hydra
 10270 | Lair:3   | Reached skill level 10 in Fighting
 10290 | Lair:3   | Noticed a six-headed hydra
 10299 | Lair:3   | Killed a six-headed hydra
 10526 | Lair:3   | Reached XP level 12. HP: 91/106 MP: 19/19
 10544 | Lair:3   | Found a hole to the Spider Nest.
 10656 | Lair:3   | Noticed a seven-headed hydra
 10664 | Lair:3   | Killed a seven-headed hydra
 10884 | Lair:3   | Found a runed translucent gate.
 10885 | Lair:3   | Found a runed translucent gate.
 10886 | Lair:3   | Found a runed translucent gate.
 10938 | Lair:3   | Noticed Ixoagrun's ghost (journeyman MiFi)
 11193 | Lair:4   | Noticed Rupert
 11241 | Lair:4   | Killed Rupert
 11242 | Lair:4   | Reached skill level 10 in Invocations
 11244 | Lair:4   | HP: 5/107 [elephant/exploding inner flame (37)]
 11644 | Lair:4   | Found a staircase to the Swamp.
 11725 | Lair:4   | Gained mutation: You are clumsy. (Dex -2) [potion of
                  | mutation]
 11725 | Lair:4   | Gained mutation: You have a pair of small horns on your
                  | head. [potion of mutation]
 11750 | Lair:4   | Killed from afar by a blink frog

Skill      XL: |  1  2  3  4  5  6  7  8  9 10 11 12 |
---------------+-------------------------------------+-----
Fighting       | 2 3 4 5 6 7 8 10 | 10.8
Armour         | 1 2 3 4 5 6 7 9 |  9.7
Shields        | 1 2 3 4 6 7 |  7.0
Invocations    | 2 4 6 8 9 10 | 10.5
Evocations     | 1 3 5 6 7 |  7.4
Dodging        | 3 4 |  4.7
Short Blades   | | 10.8
Long Blades    | | 10.8
Axes           | | 10.8
Maces & Flails | | 10.8
Polearms       | | 10.8
Staves         | | 10.8
Stealth        | |  2.6
Unarmed Combat | | 10.8

Action                   |  1- 3 |  4- 6 |  7- 9 | 10-12 || total
-------------------------+-------+-------+-------+-------++-------
Melee: Whip              |   243 |   158 |       |       ||   401
       Punch             |     3 |     2 |       |       ||     5
       Dagger            |       |    93 |   366 |   570 ||  1029
       Headbutt          |       |       |       |     1 ||     1
Invok: Upheaval          |       |       |       |     8 ||     8
       Elemental Force   |       |       |       |     2 ||     2
 Abil: Evoke Invisibilit |       |       |       |     3 ||     3
  Use: Scroll            |       |     6 |       |     4 ||    10
       Potion            |       |       |       |     1 ||     1
 Stab: Sleeping          |     3 |       |       |       ||     3
       Invisible         |       |       |       |     5 ||     5
       Distracted        |       |       |       |     1 ||     1
  Eat: Chunk             |     6 |    13 |    13 |    26 ||    58
       Ration            |     1 |       |       |       ||     1
Armor: Robe              |    57 |       |       |       ||    57
       Ring mail         |    35 |    85 |     7 |       ||   127
       Scale mail        |       |       |    85 |   133 ||   218
Dodge: Dodged            |   156 |   118 |    71 |   124 ||   469
Block: Buckler           |       |    15 |   123 |   302 ||   440
       Reflection        |       |       |     6 |       ||     6
